 Dungeon Crawl Stone Soup version 0.13-a0-3060-g5a62039 (webtiles) character file.

17594 PolkaDot the Cloud Mage (level 12, -5/72 HPs)
             Began as a Vampire Wizard on Sept 15, 2013.
             Was a Priest of Vehumet.
             Slain by a hill giant
             ... wielding a +0,+0 giant club
              (25 damage)
             ... on Level 12 of the Dungeon.
             The game lasted 01:52:33 (14975 turns).

PolkaDot the Cloud Mage (Vampire Wizard)           Turns: 14975, Time: 01:52:33

HP  -5/72        AC  8     Str  6      XL: 12   Next: 15%
MP  13/28        EV 12     Int 27      God: Vehumet [***...]
Gold 581         SH  0     Dex 16      Spells:  9 memorised,  8 levels left

Res.Fire  : + . .   See Invis. : +   h - +3,+1 elf dagger (venom)
Res.Cold  : x . .   Warding    : .   G - +2 leather armour of the Centipede {+Blink Life Prot.: . . . Conserve : . (no shield)
Res.Poison: .       Res.Corr.  : .   b - +1 wizard hat
Res.Elec. : .       Clarity    : .   P - +0 cloak
Sust.Abil.: . .     Spirit.Shd : .   (no gloves)
Res.Mut.  : .       Stasis     : .   m - +0 pair of elf boots
Res.Rott. : .       Flight     : .   (no amulet)
Saprovore : . . .                    z - ring of fire
                                     O - ring of wizardry

@: regenerating very quickly, drained, somewhat resistant to hostile
enchantments, quite stealthy
A: bottle blood, fangs 3, see invisible, unbreathing
a: Bottle Blood, Renounce Religion, Evoke Blink


You were on level 12 of the Dungeon.
You worshipped Vehumet.
Vehumet was greatly pleased with you.
You were almost alive.

You visited 1 branch of the dungeon, and saw 12 of its levels.

You collected 561 gold pieces.

Inventory:

Hand weapons
 a - a -1,+2 orcish dagger of holy wrath (quivered)
 h - a +3,+1 elven dagger of venom (weapon)
Missiles
 C - 12 arrows of frost
Armour
 b - a +1 wizard hat (worn)
 i - the +5 shield of Resistance {rF+ rC+ MR+}
   (You found it on level 9 of the Dungeon)

   It protects you from fire.
   It protects you from cold.
   It affects your resistance to hostile enchantments.
 m - a +0 pair of elven boots (worn)
 G - the +2 leather armour of the Centipede (worn) {+Blink Dex+4 Int+3 SInv}
   (You found it on level 10 of the Dungeon)

   It affects your intelligence (+3).
   It affects your dexterity (+4).
   It enhances your eyesight.
   It lets you blink.
 P - a +0 cloak (worn)
Magical devices
 g - a wand of flame (14) {unknown}
 l - a wand of polymorph (0) {unknown}
 n - a wand of draining (3)
 p - a wand of draining (0)
 t - a wand of cold (4)
 u - a wand of cold (8)
 D - a wand of disintegration (6) {unknown}
 E - a wand of lightning (6) {unknown}
 K - a wand of paralysis (21) {unknown}
 M - a wand of digging (16) {unknown}
Scrolls
 d - a scroll of magic mapping
 f - 5 scrolls of teleportation
 j - 3 scrolls of enchant weapon I
 I - a scroll of enchant armour
 N - 2 scrolls of fog
Jewellery
 o - an uncursed ring of protection from magic
 z - a ring of fire (right hand)
 L - a +4,+6 ring of slaying {unknown}
 O - a ring of wizardry (left hand)
Potions
 q - 2 potions of degeneration {unknown}
 r - a potion of beneficial mutation {unknown}
 s - a potion of cure mutation {unknown}
 v - 9 potions of blood
 w - 3 potions of restore abilities
 x - a potion of flight {unknown}
 J - 2 potions of berserk rage {unknown}
Books
 c - a book of Minor Magic

   Spells                             Type                      Level
   *Magic Dart                        Conjuration                  1
   *Blink                             Translocation                2
   *Call Imp                          Summoning                    2
   *Repel Missiles                    Charms/Air                   2
   Slow                               Hexes                        2
   *Conjure Flame                     Conjuration/Fire             3
   *Mephitic Cloud                    Conjuration/Poison/Air       3
 y - a book of Debilitation

   Spells                             Type                      Level
   Corona                             Hexes                        1
   Slow                               Hexes                        2
   Inner Flame                        Hexes/Fire                   3
   Enslavement                        Hexes                        4
   Cause Fear                         Hexes                        4
   Leda's Liquefaction                Hexes/Earth                  4
Rods
 A - a -2 lightning rod (13/13)
   (You found it on level 10 of the Dungeon)


   Skills:
 + Level 5.0(4.6) Dodging
 - Level 5.0(4.6) Stealth
 - Level 8.2(7.8) Spellcasting
 - Level 8.0(7.6) Conjurations
 - Level 4.1(3.7) Summonings
 - Level 0.7(0.3) Translocations
 * Level 7.4(7.0) Fire Magic
 * Level 9.5(9.1) Air Magic
 - Level 3.6(3.2) Poison Magic


You had 8 spell levels left.
You knew the following spells:

 Your Spells              Type           Power        Failure   Level  Hunger
a - Sting                 Conj/Pois      ####         1%          1    None
c - Static Discharge      Conj/Air       ######..     1%          3    None
d - Mephitic Cloud        Conj/Pois/Air  #####...     1%          3    None
f - Call Imp              Summ           ####......   1%          2    None
q - Blink                 Tloc           N/A          3%          2    None
s - Conjure Flame         Conj/Fire      ######..     1%          3    None
w - Repel Missiles        Chrm/Air       #####.....   1%          2    None
x - Searing Ray           Conj           ######       1%          2    None
z - Magic Dart            Conj           ####         1%          1    None


Dungeon Overview and Level Annotations

Branches:
Dungeon (12/27)            Temple (0/1) D:5             Orc (0/4) D:6
   Lair (0/8) D:9

Altars:
Ashenzari
Fedhas
Vehumet
Xom
the Shining One

Shops:
D:9 /

Annotations:
D:4 bronies4ever's ghost, average GrFi


Innate Abilities, Weirdness & Mutations

Your natural rate of healing is extremely fast.
You can bottle blood from corpses.
You have razor-sharp teeth.*
You have supernaturally acute eyesight.
You can survive without breathing.*


Message History

The magic dart hits the hill giant.
The hill giant is lightly wounded.
The hill giant hits you with a giant club!
* * * LOW HITPOINT WARNING * * *
Casting: Magic Dart
Confirm with . or Enter, or press ? or * to list all spells.
Aiming: Magic Dart
Press: ? - help, Shift-Dir - straight line, f/p - hill giant
Aim: a hill giant, wielding a giant club (lightly wounded)
The magic dart hits the hill giant.
The hill giant is lightly wounded.
Casting: Magic Dart
Confirm with . or Enter, or press ? or * to list all spells.
Aiming: Magic Dart
Press: ? - help, Shift-Dir - straight line, f/p - hill giant
Aim: a hill giant, wielding a giant club (lightly wounded)
The magic dart hits the hill giant.
The hill giant is lightly wounded.
The hill giant hits you with a giant club!
You die...

# #..#.###.######.###.#
# #......#.# #.# #.# #
#..###.#.### ##.# #.# ##
#(.# #.<...# #..###.#
.###..###.#.#.#
#....<.#########
.##.......#.#.#
#(##............
....###)###.#.#
#(##.#.#########
........###.#.###C##.#.#
............#.##@).#.#.#
.#####..##.....))#.....#
.............###...#.###
######..........)....#
##.##........####
#......###### ########


You could see a hill giant.

Vanquished Creatures
  A hydra (D:11)
  Harold (D:11)
  Erica (D:11)
  Urug (D:12)
  Nergalle (D:12)
  An unseen horror (D:10)
  2 hill giants
  Pikel (D:5)
  Maurice (D:12)
  Psyche (D:11)
  A troll (D:11)
  A giant firefly (shapeshifter) (D:12)
  Sonja (D:11)
  A queen bee (D:11)
  A shadow (D:11)
  A wyvern (D:10)
  20 yaks
  Eustachio (D:8)
  A hungry ghost (D:10)
  A wolf (D:9)
  3 hippogriffs
  A hill giant skeleton (D:7)
  Menkaure (D:5)
  A manticore (D:12)
  An orc warrior (D:12)
  An ice beast (D:9)
  6 sky beasts
  3 slaves
  3 phantoms
  11 centaurs
  10 ogres
  Duvessa (D:8)
  2 big kobolds (D:12)
  Blork the orc (D:5)
  5 giant frogs
  A cyclops skeleton (D:8)
  2 jellies
  5 wights (D:7)
  26 killer bees
  7 crimson imps
  8 hounds
  Dowan (D:8)
  3 orc priests
  3 goliath beetles
  A centaur skeleton (D:5)
  10 orc wizards
  5 iguanas
  2 scorpions
  11 worker ants
  A killer bee zombie (D:9)
  Ijyb (D:6)
  A mottled dragon zombie (D:11)
  A mummy (D:9)
  A hound skeleton (D:5)
  13 adders
  7 gnolls
  4 worms
  An iguana skeleton (D:6)
  3 giant geckos
  An ooze (D:2)
  25 orcs
  17 goblins
  16 hobgoblins
  17 jackals
  6 quokkas
  3 ball pythons
  17 bats
  7 giant cockroaches
  6 giant newts
  A giant newt zombie (D:5)
  A goblin skeleton (D:5)
  A hobgoblin skeleton (D:9)
  A hobgoblin zombie (D:6)
  A jackal zombie (D:8)
  27 kobolds
  16 rats
371 creatures vanquished.

Vanquished Creatures (collateral kills)
  A jelly (D:8)
  A quasit (D:7)
2 creatures vanquished.

Vanquished Creatures (others)
  A crimson imp (D:11)
1 creature vanquished.

Grand Total: 374 creatures vanquished

Notes
Turn   | Place    | Note
--------------------------------------------------------------
     0 | D:1      | PolkaDot, the Vampire Wizard, began the quest for the Orb.
     0 | D:1      | Reached XP level 1. HP: 11/11 MP: 6/6
    70 | D:1      | Reached skill level 1 in Conjurations
   227 | D:1      | Reached XP level 2. HP: 10/17 MP: 0/8
   312 | D:1      | Found a shattered altar of Ashenzari.
   320 | D:1      | Became a worshipper of Ashenzari the Shackled
   926 | D:1      | Reached XP level 3. HP: 22/22 MP: 1/10
  1800 | D:2      | Reached XP level 4. HP: 28/28 MP: 9/12
  2470 | D:3      | Noticed a phantom
  2867 | D:3      | Reached XP level 5. HP: 27/33 MP: 6/13
  3026 | D:3      | Killed a phantom
  3026 | D:3      | Reached skill level 4 in Conjurations
  3494 | D:4      | Noticed bronies4ever's ghost (average GrFi)
  3554 | D:4      | Noticed a phantom
  3572 | D:4      | Killed a phantom
  3572 | D:4      | Reached XP level 6. HP: 8/39 MP: 2/15
  3614 | D:5      | Entered Level 5 of the Dungeon
  3614 | D:5      | Noticed Menkaure
  3626 | D:5      | Killed Menkaure
  3626 | D:5      | Reached skill level 5 in Conjurations
  3696 | D:5      | Learned a level 2 spell: Repel Missiles
  3699 | D:5      | Learned a level 2 spell: Slow
  3703 | D:5      | Learned a level 3 spell: Mephitic Cloud
  3706 | D:5      | Learned a level 2 spell: Blink
  3717 | D:5      | Reached XP level 7. HP: 33/44 MP: 7/17
  3936 | D:5      | Noticed Pikel
  4135 | D:4      | Reached skill level 6 in Conjurations
  5090 | D:4      | Learned a level 3 spell: Conjure Flame
  5261 | D:5      | Killed Pikel
  5261 | D:5      | Reached XP level 8. HP: 30/50 MP: 13/20
  5302 | D:5      | Learned a level 2 spell: Call Imp
  5369 | D:5      | Reached skill level 5 in Stealth
  5812 | D:5      | Noticed Blork the orc
  5846 | D:5      | Killed Blork the orc
  5846 | D:5      | Reached skill level 1 in Air Magic
  5846 | D:5      | Reached skill level 1 in Poison Magic
  6046 | D:5      | Found a staircase to the Ecumenical Temple.
  6097 | D:6      | Noticed Ijyb
  6116 | D:6      | Killed Ijyb
  6202 | D:6      | Found a staircase to the Orcish Mines.
  7056 | D:7      | Reached skill level 7 in Conjurations
  7056 | D:7      | Reached XP level 9. HP: 47/55 MP: 18/21
  7079 | D:7      | Found a glowing golden altar of the Shining One.
  7080 | D:7      | Found a blossoming altar of Fedhas.
  7341 | D:7      | Reached skill level 1 in Fire Magic
  7792 | D:7      | Found a radiant altar of Vehumet.
  7800 | D:7      | Fell from the grace of Ashenzari
  7800 | D:7      | Became a worshipper of Vehumet
  8082 | D:7      | Reached skill level 5 in Spellcasting
  8569 | D:8      | Noticed Duvessa
  8622 | D:8      | Noticed Dowan
  8623 | D:8      | Killed Duvessa
  8629 | D:8      | Killed Dowan
  9319 | D:8      | Noticed Eustachio
  9340 | D:8      | Killed Eustachio
  9340 | D:8      | Reached skill level 5 in Air Magic
  9369 | D:8      | Reached XP level 10. HP: 59/61 MP: 0/24
 10350 | D:9      | Found a staircase to the Lair.
 10492 | D:9      | Acquired Vehumet's first power
 10492 | D:9      | Offered knowledge of Sting by Vehumet.
 10632 | D:9      | Found a shimmering altar of Xom.
 10737 | D:9      | Learned a level 1 spell: Sting
 11001 | D:9      | Found Baecowk's Magical Wand Boutique.
 11304 | D:10     | Entered Level 10 of the Dungeon
 11563 | D:10     | Reached skill level 8 in Spellcasting
 11645 | D:10     | Offered knowledge of Searing Ray by Vehumet.
 11649 | D:10     | Learned a level 2 spell: Searing Ray
 11748 | D:10     | Was forgiven by Ashenzari
 12011 | D:10     | Got an ichor-stained leather armour
 12012 | D:10     | Identified the +2 leather armour of the Centipede {+Blink Dex+4 Int+3 SInv} (You found it on level 10 of the Dungeon)
 12065 | D:10     | Noticed an unseen horror
 12074 | D:10     | Killed an unseen horror
 12074 | D:10     | Reached skill level 5 in Fire Magic
 12270 | D:10     | Reached XP level 11. HP: 63/66 MP: 17/27
 12410 | D:11     | Noticed a six-headed hydra
 12426 | D:11     | Killed a six-headed hydra
 12524 | D:11     | Noticed Psyche
 12534 | D:11     | Killed Psyche
 12831 | D:11     | Noticed Erica
 12856 | D:11     | Killed Erica
 13011 | D:11     | Noticed Harold
 13023 | D:11     | Killed Harold
 13138 | D:11     | Offered knowledge of Throw Flame by Vehumet.
 13172 | D:11     | Acquired Vehumet's second power
 13413 | D:11     | Offered knowledge of Static Discharge by Vehumet.
 13436 | D:11     | Learned a level 3 spell: Static Discharge
 13449 | D:11     | Noticed a hill giant
 13458 | D:11     | Killed a hill giant
 13698 | D:11     | Noticed Sonja
 13733 | D:11     | Killed Sonja
 13978 | D:12     | Noticed a hill giant
 13997 | D:12     | Killed a hill giant
 13997 | D:12     | Reached skill level 9 in Air Magic
 14068 | D:12     | Noticed Urug
 14095 | D:12     | Killed Urug
 14198 | D:12     | Reached XP level 12. HP: 57/72 MP: 22/28
 14491 | D:12     | Noticed Nergalle
 14510 | D:12     | Killed Nergalle
 14600 | D:12     | Noticed Maurice
 14620 | D:12     | Killed Maurice
 14620 | D:12     | Reached skill level 5 in Dodging
 14969 | D:12     | Noticed a hill giant
 14975 | D:12     | Slain by a hill giant

Action                   |  1- 3 |  4- 6 |  7- 9 | 10-12 || total
-------------------------+-------+-------+-------+-------++-------
Melee: Unarmed           |     6 |       |       |       ||     6
       Dagger            |     1 |    28 |   217 |   163 ||   409
 Cast: Magic Dart        |   117 |   137 |   334 |   146 ||   734
       Mephitic Cloud    |       |       |    37 |    25 ||    62
       Conjure Flame     |       |       |    23 |    46 ||    69
       Call Imp          |       |       |     6 |     2 ||     8
       Sting             |       |       |       |   301 ||   301
       Searing Ray       |       |       |       |    37 ||    37
       Blink             |       |       |       |     3 ||     3
       Repel Missiles    |       |       |       |     1 ||     1
       Static Discharge  |       |       |       |     1 ||     1
 Abil: Bottle Blood      |       |       |     6 |    38 ||    44
       End Transformatio |       |       |       |     1 ||     1
       Bat Form          |       |       |       |     1 ||     1
  Use: Scroll            |     2 |     3 |    15 |     6 ||    26
       Potion            |     1 |     6 |    11 |    38 ||    56
 Stab: Sleeping          |     1 |     2 |     3 |     3 ||     9
       Confused          |       |       |    18 |    14 ||    32
